 Dungeon Crawl Stone Soup version 0.20.1-1-g8b1a95d (webtiles) character file.

163 Hasart the Chiller (level 5, -2/28 HPs)
             Began as a Deep Elf Ice Elementalist on Aug 24, 2017.
             Slain by an orc (5 damage)
             ... on level 4 of the Dungeon on Sept 24, 2017.
             The game lasted 00:04:24 (1603 turns).

Hasart the Chiller (Deep Elf Ice Elementalist)      Turns: 1603, Time: 00:04:26

Health: -2/28      AC:  2    Str:  5    XL:     5   Next: 20%
Magic:  6/13       EV: 14    Int: 21    God:
Gold:   73         SH:  0    Dex: 15    Spells: 3/12 levels left

rFire    . . .     SeeInvis .   (no weapon)
rCold    . . .     Gourm    .   (no shield)
rNeg     . . .     Faith    .   a - +0 robe
rPois    .         Spirit   .   (no helmet)
rElec    .         Reflect  .   (no cloak)
rCorr    .         Harm     .   (no gloves)
MR       .....                  (no boots)
Stlth    ++........             (no amulet)
Regen    0.1/turn               (no ring)
MPRegen  0.2/turn               (no ring)

@: no status effects
A: no striking features
a: no special abilities


You were on level 4 of the Dungeon.
You were not hungry.

You visited 1 branch of the dungeon, and saw 3 of its levels.

You collected 73 gold pieces.

Inventory:

Armour
 a - a +0 robe (worn)
Jewellery
 i - an uncursed ring of fire
Scrolls
 f - 3 scrolls of teleportation {unknown}
 g - a scroll of immolation {unknown}
 h - 3 scrolls of remove curse {unknown}
Potions
 d - a potion of degeneration {unknown}
Books
 b - a book of Frost

   Spells                             Type                      Level
   a - Freeze                         Ice                          1
   b - Throw Frost                    Conjuration/Ice              2
   c - Ozocubu's Armour               Charms/Ice                   3
   d - Throw Icicle                   Conjuration/Ice              4
   e - Summon Ice Beast               Ice/Summoning                4
Comestibles
 c - 2 bread rations


   Skills:
 + Level 3.7 Dodging
 - Level 2.7 Stealth
 + Level 4.2 Spellcasting
 - Level 1.1 Conjurations
 * Level 5.2 Ice Magic


You had 3 spell levels left.
You knew the following spells:

 Your Spells              Type           Power        Failure   Level  Hunger
a - Freeze                Ice            ####         1%          1    None
b - Summon Ice Beast      Ice/Summ       ###.....     36%         4    ####...
c - Throw Icicle          Conj/Ice       ###.....     30%         4    ####...


Dungeon Overview and Level Annotations

Branches:
Dungeon (2/15)

Altars:
Uskayaw
Xom
Zin


Message History

The orc completely misses you. The orc hits you. The orc barely misses you.
The orc barely misses you. The orc barely misses you. The orc hits you.
* * * LOW HITPOINT WARNING * * *
The orc barely misses you.
Your magical contamination has completely faded away.
The orc misses you. The orc misses you. The orc hits you.
* * * LOW HITPOINT WARNING * * *
The orc barely misses you. The orc hits you.
* * * LOW HITPOINT WARNING * * *
The orc hits you but does no damage. The orc completely misses you.
The orc hits you.
You die...

#...#####..#
#...h._....#
.#....oo$.#
#####†..##
#....##
#...## ##.##
#o.# ..#
##@## ....
##.## #...
#..## #..
##..## #.#
##>.####.#
###
##..##..#
#..
##.....##.#
##......#
####..##


You could see an orc.

Vanquished Creatures
  2 hounds (D:4)
  Jessica (D:2)
  2 adders (D:2)
  2 oozes
  A worm (D:2)
  2 dart slugs (D:1)
  A leopard gecko (D:4)
  4 orcs (D:4)
  A ball python (D:1)
  5 bats
  2 giant cockroaches
  5 goblins (D:1)
  6 hobgoblins
  2 frilled lizards
  A kobold (D:1)
  6 rats (D:1)
43 creatures vanquished.

Notes
Turn   | Place    | Note
-------+----------+-------------------------------------------
     0 | D:1      | Hasart the Deep Elf Ice Elementalist began the quest for the Orb.
     0 | D:1      | Reached XP level 1. HP: 10/10 MP: 6/6
   229 | D:1      | Reached XP level 2. HP: 15/15 MP: 4/8
   597 | D:1      | Reached skill level 4 in Ice Magic
   818 | D:1      | Reached XP level 3. HP: 19/19 MP: 6/9
  1122 | D:2      | Noticed Jessica
  1129 | D:2      | Killed Jessica
  1129 | D:2      | Reached XP level 4. HP: 7/24 MP: 7/11
  1187 | D:2      | Found a hide-covered altar of Uskayaw.
  1445 | D:2      | You fall through a shaft for 2 floors!
  1450 | D:4      | Reached skill level 5 in Ice Magic
  1456 | D:4      | Learned a level 4 spell: Summon Ice Beast
  1461 | D:4      | Learned a level 4 spell: Throw Icicle
  1555 | D:4      | Found a glowing silver altar of Zin.
  1555 | D:4      | Noticed an angel
  1559 | D:4      | Found a shimmering altar of Xom.
  1570 | D:4      | Reached XP level 5. HP: 20/28 MP: 9/13
  1603 | D:4      | Slain by an orc

Skill      XL: |  1  2  3  4 |
---------------+-------------+-----
Ice Magic      | 4 5 |  5.2
Dodging        | 3 |  3.7
Spellcasting   | 4 |  4.2
Stealth        | |  2.7
Conjurations   | |  1.1

Action                   |  1- 3 |  4- 6 || total
-------------------------+-------+-------++-------
Melee: Club              |     3 |       ||     3
 Cast: Freeze            |    47 |    26 ||    73
 Stab: Distracted        |     1 |       ||     1
  Eat: Chunk             |       |     2 ||     2
Armor: Robe              |     7 |     1 ||     8
Dodge: Dodged            |    17 |    20 ||    37
